 Dungeon Crawl Stone Soup version 0.27.0-1-g7a089689b8 (webtiles) character file.

Game seed: 6985315881511225688

120 freelancePsychic the Sneak (level 4, -14/30 HPs)
             Began as a Vampire Hedge Wizard on Aug 12, 2021.
             Was an Initiate of Gozag.
             Killed by divine providence
             ... invoked by an orc priest
              (17 damage)
             ... on level 3 of the Dungeon.
             The game lasted 00:06:38 (2589 turns).

freelancePsychic the Sneak (Vampire Hedge Wizard)   Turns: 2589, Time: 00:06:38

Health: -14/30     AC:  2    Str:  9    XL:     4   Next: 75%
Magic:  6/8        EV: 12    Int: 17    God:    Gozag
Gold:   314        SH:  0    Dex: 19    Spells: 6/9 levels left

rFire    . . .     SeeInvis +   i - +2 short sword (drain)
rCold    . . .     Faith    .   (no shield)
rNeg     + . .     Spirit   .   k - +0 robe {rN+}
rPois    .         Reflect  .   c - +0 hat
rElec    .         Harm     .   (no cloak)
rCorr    .         Rampage  .   (no gloves)
Will     .....                  (no boots)
Stlth    +++.......             (no amulet)
HPRegen  0.30/turn              h - +6 ring of dexterity
MPRegen  0.11/turn              e - ring of wizardry

@: gold aura, healing quickly
A: alive, fangs 3, see invisible, vampiric 2
a: Exsanguinate, Renounce Religion, Potion Petition, Call Merchant, Bribe Branch


You were on level 3 of the Dungeon.
You worshipped Gozag.
Gozag was aware of your devotion.
You visited 1 branch of the dungeon, and saw 3 of its levels.

You collected 314 gold pieces.

Inventory:

Hand Weapons
 a - a +0 dagger
 i - a +2 short sword of draining (weapon)
Armour
 c - a +0 hat (worn)
 k - a +0 robe of positive energy (worn)
Jewellery
 e - a ring of wizardry (right hand)
 h - a +6 ring of dexterity (left hand)
 m - a +4 ring of evasion
Wands
 n - a wand of iceblast (14)
 o - a wand of digging (7)
Scrolls
 b - a scroll of summoning
 g - 2 scrolls of blinking
 l - a scroll of teleportation {unknown}
 p - a scroll of identify {@r1}
Potions
 d - a potion of flight {unknown}
 f - a potion of curing {unknown}
 j - a potion of ambrosia {unknown}


   Skills:
 - Level 2.1 Dodging
 - Level 5.2 Stealth
 - Level 3.0 Spellcasting
 - Level 0.6 Conjurations
 + Level 3.3 Summonings
 - Level 0.7 Translocations
 + Level 1.4 Ice Magic


You had 6 spell levels left.
You knew the following spells:

 Your Spells              Type           Power      Damage    Failure   Level
a - Magic Dart            Conj           16%        1d3       6%          1
b - Call Imp              Summ           13%        N/A       2%          2

Your spell library contained the following spells:

 Spells                   Type           Power      Damage    Failure   Level
 Blink                    Tloc           N/A        N/A       9%          2
 Corpse Rot               Necr/Air       N/A        N/A       11%         2
 Poisonous Vapours        Pois/Air       4%         N/A       11%         2
 Slow                     Hex            2%         N/A       11%         2
 Conjure Flame            Conj/Fire      3%         6-21      19%         3
 Mephitic Cloud           Conj/Pois/Air  3%         N/A       19%         3
 Freezing Cloud           Conj/Ice/Air   2%         6-21      78%         5


Dungeon Overview and Level Annotations

Branches:
Dungeon (3/15)

Altars:
Gozag

Shops:
D:2 :


Innate Abilities, Weirdness & Mutations

Your natural rate of healing is accelerated.
You have razor-sharp teeth.
You have supernaturally acute eyesight. (SInv)
You are afflicted with vampirism and can become a bat while bloodless.


Message History

The orc is distracted by your dazzling golden aura.
The orc is no longer distracted by gold.
The orc barely misses you.
You hit the orc but do no damage. You drain the orc.
The orc is heavily wounded.
The orc closely misses you.
You hit the orc but do no damage.
The orc is heavily wounded.
The orc priest casts a cantrip, but nothing happens.
The orc hits you with a +0 short sword.
You barely miss the orc. Your bite misses the orc.
The orc is heavily wounded.
The orc hits you with a +0 short sword.
You hit the orc.
The orc is severely wounded.
The orc hits you with a +0 short sword.
You closely miss the orc.
The orc is heavily wounded.
The orc priest mumbles some strange prayers to Beogh against you.
Beogh smites you! The orc hits you with a +0 short sword.
* * * LOW HITPOINT WARNING * * *
The orc closely misses you.
The orc priest casts a cantrip, but nothing happens.
Casting: Call Imp (safe; 2% risk of failure)
Confirm with . or Enter, or press ? or * to list all spells.
A beastly little devil appears in a puff of flame.
The orc priest calls down the wrath of Beogh upon you.
Beogh smites you!
* * * LOW HITPOINT WARNING * * *
Your crimson imp hits the orc.
The orc dies!
Okay, then.
The orc priest roars loudly, in orcish tradition.
Your crimson imp blinks!
Your crimson imp blinks!
The orc priest calls down the wrath of Beogh upon you.
Beogh smites you!
Ouch! That really hurt!
You die...
Your body crumbles into a pile of gold.

###..# #.......#
##.##### #.......#
#.....###.......#
#####.ยง##.......#
#####
##.....5..###
....#####.$......#
###..............#
#######.oo.....#
### ##......@# ..#
#.......# ..#
#.......# ..#
######### ..# .^#
..# ..# ###


You could see an orc priest (ally target), an orc and a friendly crimson imp
(summoned).

Vanquished Creatures
  3 adders
  2 worms (D:2)
  3 dart slugs
  2 orcs (D:3)
  2 bats (D:1)
  3 endoplasms (D:2)
  A giant cockroach (D:1)
  7 goblins
  8 hobgoblins
  6 jackals
  5 kobolds
  2 quokkas (D:2)
  4 ball pythons
  6 frilled lizards
  6 rats
60 creatures vanquished.

Vanquished Creatures (collateral kills)
  An adder (D:3)
  A dart slug (D:3)
  An orc (D:3)
  A ball python (D:3)
  2 frilled lizards (D:3)
  A kobold (D:3)
  A rat (D:3)
8 creatures vanquished.

Vanquished Creatures (others)
  15 plants (D:1)
15 creatures vanquished.

Grand Total: 83 creatures vanquished

Notes
Turn   | Place    | Note
-------+----------+-------------------------------------------
     0 | D:1      | freelancePsychic the Vampire Hedge Wizard began the quest
                  | for the Orb.
     0 | D:1      | Reached XP level 1. HP: 13/13 MP: 4/4
   116 | D:1      | Reached XP level 2. HP: 14/19 MP: 6/6
   160 | D:1      | Learned a level 2 spell: Call Imp
   331 | D:1      | Reached skill level 4 in Stealth
   564 | D:1      | Found a faded altar of an unknown god.
   786 | D:1      | Became a worshipper of Gozag Ym Sagoz the Greedy
   874 | D:1      | Gained mutation: You are afflicted with vampirism and can
                  | become a bat while bloodless. [Vampire growth]
   874 | D:1      | Reached XP level 3. HP: 24/24 MP: 7/7
  1323 | D:2      | Reached skill level 5 in Stealth
  1373 | D:2      | Found Mareenn's Book Shop.
  1444 | D:2      | Reached XP level 4. HP: 17/30 MP: 8/8
  2377 | D:3      | Reached skill level 1 in Ice Magic
  2583 | D:3      | HP: 1/30 [orc priest/divine providence (11)]
  2589 | D:3      | Killed from afar by an orc priest

Illustrated notes

Levels and vault maps discovered:
D:1:      evilmike_arrival_grusome_pit, layout_loops_ring,
          dilly_ecumenical_altar_fadedgnrine, serial_forest,
          infiniplex_forest_clump_curved, infiniplex_forest_lined_room_3,
          infiniplex_forest_diagonal, infiniplex_forest_corner_1,
          infiniplex_forest_clump_medium, infiniplex_forest_lined_3_way,
          infiniplex_forest_lined_2, st_stairs_11
D:2:      minmay_general_purpose_star, layout_basic, serial_shops,
          nicolae_shop_crystal
D:3:      layout_rooms

Skill      XL: |  1  2  3  4 |
---------------+-------------+-----
Stealth        | 4 5 |  5.2
Summonings     | 2 3 |  3.3
Ice Magic      | 1 |  1.4
Dodging        | |  2.1
Spellcasting   | |  3.0
Conjurations   | |  0.6
Translocations | |  0.7

Action                   |  1- 3 |  4- 6 || total
-------------------------+-------+-------++-------
Melee: Dagger            |    86 |       ||    86
       Bite              |    11 |     7 ||    18
       Short sword       |    48 |    66 ||   114
 Cast: Call Imp          |       |     8 ||     8
  Use: Scroll            |     2 |     1 ||     3
 Stab: Sleeping          |    11 |     3 ||    14
       Distracted        |       |     1 ||     1
Armor: Robe              |    26 |     7 ||    33
Dodge: Dodged            |    73 |    39 ||   112
